Cogmind - Beta 17.1 @@@ ROGUE MODE // 2026.09.16 @ 00:15:13 Player: SuperSwiss Result: Self-destructed Performance ------------- Evolutions (3) 1500 Regions Visited (8) 1600 Robots Destroyed (60) 300 Value Destroyed (1396) 1396 Prototype IDs (32) 640 Alien Tech Used (0) 0 Bonus (300) 300 TOTAL SCORE: 5736 Bonus ------- Aligned with FarCom 300 Cogmind --------- Core Integrity 670/700 Matter 152/300 Energy 138/140 System Corruption 0% Temperature Cool (4) Movement Hovering (38) Location -7/Factory Parts ------- > --- POWER (2) -------- Light Deuterium Engine > --- PROPULSION (4) --- Aerolev Unit Aerolev Unit Aerolev Unit Aerolev Unit > --- UTILITY (4) ------ Improved Heat Sink Medium Storage Unit Advanced Visual Processing Unit Improved Terrain Scanner > --- WEAPON (3) ------- Precision Assault Rifle Missile Launcher Great Maul > --- INVENTORY (10) --- Armored Wheel Gravmag System Improved Flight Unit Xenon Bombardment Thruster Launcher Guidance Computer Improved Light Armor Plating Improved EM Pulse Cannon YOLO Cannon Improved Grenade Launcher Peak State ------------ > --- POWER ------------ Light Deuterium Engine > --- PROPULSION ------- Aerolev Unit Aerolev Unit Aerolev Unit Aerolev Unit > --- UTILITY ---------- Improved Heat Sink Medium Storage Unit Advanced Visual Processing Unit Improved Terrain Scanner > --- WEAPON ----------- Precision Assault Rifle Missile Launcher Great Maul > --- INVENTORY -------- Armored Wheel Improved Flight Unit Large Matter Pod Launcher Guidance Computer Hardened Light Armor Plating Improved Light Armor Plating Improved EM Pulse Cannon YOLO Cannon Improved Grenade Launcher [Rating: 44] Favorites ----------- Power Ion Engine Engine Ion Engine Propulsion Armored Wheel Treads Light Treads Wheel Armored Wheel Hover Unit Aerolev Unit Flight Unit Improved Flight Unit Utility High-capacity Storage Unit Device Seismic Detector Storage High-capacity Storage Unit Processor Advanced Visual Processing Unit Protection Light Armor Plating Weapon Advanced Beam Cannon Energy Gun Improved EM Shotgun Energy Cannon Advanced Beam Cannon Ballistic Gun Shotgun Launcher Missile Launcher Impact Weapon Great Maul Slashing Weapon Katana Build | -11 -10 -10 -9 -9 -9 -8 -8 -7 ------- Run | Yrd Mat Min Mat Min Exi Min Mat Fac Slots Evolved 6 | . . . 2 . . . 2 2 Power 1 | . . . . . . . . 1 Propulsion 2 | . . . 1 . . . 1 . Utility 2 | . . . 1 . . . . 1 Weapon 1 | . . . . . . . 1 . Parts Attached 54 | 8 6 2 16 1 . . 11 10 Power 7 | 2 . . 1 . . . 2 2 Engine 7 | 2 . . 1 . . . 2 2 Core . | . . . . . . . . . Reactor . | . . . . . . . . . Propulsion 15 | 2 2 . 6 . . . 2 3 Treads 4 | 1 1 . . . . . 2 . Leg . | . . . . . . . . . Wheel 6 | 1 1 . 4 . . . . . Hover 4 | . . . 1 . . . . 3 Flight 1 | . . . 1 . . . . . Utility 14 | 2 2 2 4 . . . 1 3 Device 4 | 1 1 . 2 . . . . . Storage 4 | 1 1 1 . . . . . 1 Processor 1 | . . . . . . . . 1 Hackware . | . . . . . . . . . Protection 5 | . . 1 2 . . . 1 1 Artifact . | . . . . . . . . . Weapon 18 | 2 2 . 5 1 . . 6 2 Energy Gun 1 | . . . . . . . 1 . Energy Cannon 5 | . . . 2 . . . 3 . Ballistic Gun 6 | 2 2 . 1 . . . . 1 Ballistic Cannon . | . . . . . . . . . Launcher 3 | . . . . 1 . . 1 1 Special Weapon . | . . . . . . . . . Impact Weapon 2 | . . . 1 . . . 1 . Slashing Weapon 1 | . . . 1 . . . . . Piercing Weapon . | . . . . . . . . . Special Melee Weapon . | . . . . . . . . . Unidentified Prototypes 7 | . . . 5 . . . 1 1 Parts Lost 7 | . . . 1 . . . 6 . Power 1 | . . . . . . . 1 . Propulsion 1 | . . . . . . . 1 . Utility 2 | . . . 1 . . . 1 . Weapon 3 | . . . . . . . 3 . Highest Loss Streak 2 | . . . 1 . . . 2 . To Critical Strikes . | . . . . . . . . . Average Backups 16 | 3 10 18 19 19 19 19 18 9 Power . | . 1 1 1 1 1 1 . . Propulsion 5 | 1 2 5 5 7 7 7 6 2 Utility 4 | . 1 5 4 5 5 5 5 3 Weapon 6 | . 4 7 8 6 6 6 5 3 Tool/Special . | . . . . . . . . . Unused Backups 28 | . 1 1 13 1 2 . 3 7 Power . | . . . . . . . . . Propulsion 10 | . . . 6 . . . 1 3 Utility 4 | . . 1 1 . . . 1 1 Weapon 14 | . 1 . 6 1 2 . 1 3 Tool/Special . | . . . . . . . . . Average Slot Usage (%) 97 | . 100 100 99 100 100 100 94 81 Engine 11 | . 14 14 10 11 11 11 8 7 Treads 8 | . 14 14 9 . . . 5 . Wheel 21 | . 13 14 23 33 33 33 27 1 Hover 1 | . . . . . . . . 27 Device 14 | . 14 12 16 13 22 22 9 9 Storage 11 | . 14 14 11 11 11 11 9 7 Protection 3 | . . . 5 8 . . 7 4 Energy Cannon 11 | . . . 12 21 22 22 21 1 Ballistic Gun 10 | . 28 28 7 . . . . 2 Peak Build Rating 44 | 7 12 11 26 25 26 26 35 44 Average Rating 20 | 4 9 10 20 24 25 26 31 38 On Entrance 18 | . 7 10 11 25 25 26 26 35 Avg Prop Armor Cover (%) 10 | 11 11 12 16 . . . 6 6 Naked Turns . | . . . . . . . . . Heaviest Build 74 | 15 52 54 60 60 58 58 74 74 Greatest Support 48 | 10 16 16 40 36 36 36 48 36 Greatest Overweight (x) 5 | 2 5 3 4 1 1 1 2 2 Average Overweight (x) 1 | . 2 3 1 1 1 1 1 . Largest Inventory Capacity 20 | 8 20 20 20 20 20 20 20 20 Average Capacity 19 | 6 17 20 20 20 20 20 20 10 Most Carried 20 | 6 15 20 20 20 20 20 20 20 Average Carried 17 | 3 10 18 19 19 19 20 19 10 Final Capacity 20 | 8 20 20 20 20 20 20 20 10 Final Carried 20 | 6 15 20 20 20 20 20 20 10 Class Distribution -------------------- 82% | Mutant 16% | Skirmisher Dominant Class ---------------- Mutant | -10/Materials Mutant | -10/Mines Mutant | -9/Materials Mutant | -9/Mines Mutant | -9/Exiles Mutant | -8/Mines Skirmisher | -8/Materials Mutant | -7/Factory Resources | -11 -10 -10 -9 -9 -9 -8 -8 -7 ----------- Run | Yrd Mat Min Mat Min Exi Min Mat Fac Matter Collected 1792 | 248 261 468 436 52 . 10 167 150 Remotely . | . . . . . . . . . Salvage Created 1740 | 28 237 264 494 209 . . 484 24 Parts 126 | 4 13 24 28 20 . . 32 5 Haulers Intercepted 4 | . 1 . 3 . . . . . Recyclers Shooed 1 | 1 . . . . . . . . Parts Field Recycled . | . . . . . . . . . Retrieved Matter . | . . . . . . . . . Parts Self-Destructed . | . . . . . . . . . Prevented . | . . . . . . . . . Parts Restored . | . . . . . . . . . Kills | -11 -10 -10 -9 -9 -9 -8 -8 -7 ------- Run | Yrd Mat Min Mat Min Exi Min Mat Fac Combat Hostiles Destroyed 44 | . 3 10 7 9 . . 11 4 Guns 17 | . 3 10 4 . . . . . Cannons 14 | . . . 3 4 . . 7 . AOE 12 | . . . . 4 . . 4 4 Classes Destroyed 12 | 1 5 2 2 . . . 2 . Worker 2 | . 2 . . . . . . . Builder 4 | . . . . . . . 4 . Tunneler 2 | 1 . 1 . . . . . . Hauler 4 | . 1 . 3 . . . . . Recycler 1 | . . 1 . . . . . . Operator 1 | . 1 . . . . . . . Watcher 2 | . 2 . . . . . . . Swarmer 21 | . . 9 . 4 . . 4 4 Grunt 11 | . 3 1 1 4 . . 2 . Duelist 2 | . . . 1 1 . . . . Sentry 8 | . . . 5 . . . 3 . Hunter 2 | . . . . . . . 2 . Best Kill Streak 8 | 1 2 3 2 8 . . 6 4 Combat Bots Only 8 | . 1 3 2 8 . . 4 4 Max Kills in Single Turn 3 | 1 2 2 1 3 . . 2 2 Gunslinging 1 | . . 1 . . . . . . Exploded 3 | . . . . 3 . . 2 2 Melee . | . . . . . . . . . Uniques/NPCs Destroyed . | . . . . . . . . . Combat | -11 -10 -10 -9 -9 -9 -8 -8 -7 -------- Run | Yrd Mat Min Mat Min Exi Min Mat Fac Hostile Shots Fired 193 | . 24 29 24 35 . . 74 7 Missed 59 | . 4 10 4 11 . . 25 5 Hits 134 | . 20 19 20 24 . . 49 2 Melee 6 | . . . 5 1 . . . . Projectile 128 | . 20 19 15 23 . . 49 2 Critical Strikes 4 | . . . 1 . . . 3 . Actively Blocked 1 | . . . 1 . . . . . Damage Taken 1986 | . 262 170 393 330 . . 759 72 Core 273 | . 67 7 67 40 . . 62 30 Absorbed by Shields . | . . . . . . . . . Redirected to Shielding 53 | . . . 27 . . . 26 . Regen/Repaired (Parts) 167 | . . . . . . . 167 . Core Remaining (%) 82 | 100 . 70 . . . 73 88 . Volleys Fired 114 | 2 27 13 21 15 . . 32 4 Largest 3 | 2 2 2 2 2 . . 3 1 Hottest 212 | 40 46 46 136 136 . . 212 36 Shots Fired 241 | 4 54 26 42 30 . . 81 4 Gun 109 | 4 54 26 24 . . . 1 . Cannon 120 | . . . 18 28 . . 74 . Launcher 12 | . . . . 2 . . 6 4 Special . | . . . . . . . . . Kinetic 108 | 4 54 26 24 . . . . . Thermal 98 | . . . 18 28 . . 52 . Explosive 12 | . . . . 2 . . 6 4 Electromagnetic 23 | . . . . . . . 23 . Robot Hit Streak 10 | 1 7 5 10 5 . . 10 3 Robot Miss Streak 6 | 1 6 3 2 5 . . 5 1 Penetration Max . | . . . . . . . . . Secondary Targets 3 | . . 3 . . . . . . Max Gunslinging Chain 1 | . . 1 . . . . . . Shots Hit Robots 155 | 2 38 19 38 15 . . 40 3 Core Hits 80 | 1 17 14 14 10 . . 19 5 Critical Kills 1 | . . . . 1 . . . . Critical Parts Destroyed 1 | . . . 1 . . . . . Critical Strikes 2 | . . . 1 1 . . . . Meltdown 1 | . . . . 1 . . . . Smash 1 | . . . 1 . . . . . Melee Attacks 12 | . . . 10 . . . 2 . Impact 5 | . . . 3 . . . 2 . Slashing 7 | . . . 7 . . . . . Piercing . | . . . . . . . . . Sneak Attacks 1 | . . . 1 . . . . . Combat Hostiles . | . . . . . . . . . Follow-up Attacks . | . . . . . . . . . Damage Inflicted 4056 | 22 615 268 777 516 . . 1357 501 Guns 1145 | 22 615 268 217 . . . 23 . Cannons 1522 | . . . 308 269 . . 945 . Explosions 1119 | . . . . 247 . . 389 483 Melee 252 | . . . 252 . . . . . Ramming 18 | . . . . . . . . 18 Kinetic 1122 | 22 615 268 217 . . . . . Thermal 1148 | . . . 308 269 . . 571 . Explosive 1065 | . . . . 247 . . 335 483 Electromagnetic 451 | . . . . . . . 451 . Impact 56 | . . . 56 . . . . . Slashing 196 | . . . 196 . . . . . Piercing . | . . . . . . . . . Highest Corruption . | . . . . . . . . . Average Corruption . | . . . . . . . . . Corruption Purged . | . . . . . . . . . Corruption Blocked . | . . . . . . . . . Overload Shots . | . . . . . . . . . Overflow Damage 55 | . . . 37 . . . 6 12 Projectiles 4 | . . . 4 . . . . . Explosions 18 | . . . . . . . 6 12 Melee 33 | . . . 33 . . . . . Knockbacks . | . . . . . . . . . Impact . | . . . . . . . . . Kinetic . | . . . . . . . . . Secondary . | . . . . . . . . . Self-Inflicted Damage 158 | . . . . 79 . . 70 9 Shots 4 | . . . . 2 . . 2 . Rammed 1 | . . . . . . . . 1 Targets Rammed 1 | . . . . . . . . 1 Kicked . | . . . . . . . . . Crushed . | . . . . . . . . . Highest Temperature 531 | . 16 . 126 204 . . 531 . Average Temperature 124 | . 6 . 34 66 . . 187 . Received Heat Transfer 585 | . 147 24 66 78 . . 270 . Effects 1 | . . . . . . . 1 . Matter Decay 1 | . . . . . . . 1 . Siege Activations . | . . . . . . . . . Martial Activations . | . . . . . . . . . Shielding Activations . | . . . . . . . . . Robots Disrupted . | . . . . . . . . . Combat Hostiles . | . . . . . . . . . Robots Corrupted . | . . . . . . . . . Combat Hostiles . | . . . . . . . . . Parts Fried 1 | . . . . . . . 1 . Impact Corruptions 1 | . . . 1 . . . . . Robots Melted 1 | . . . . 1 . . . . Combat Hostiles 1 | . . . . 1 . . . . Parts Melted 4 | . . . 3 1 . . . . Heat Transferred 1974 | . . . 555 481 . . 938 . Parts Sabotaged . | . . . . . . . . . Parts Stolen . | . . . . . . . . . Parts Stripped . | . . . . . . . . . Power Chain Reactions 1 | . . . . . . . 1 . Alert | -11 -10 -10 -9 -9 -9 -8 -8 -7 ------- Run | Yrd Mat Min Mat Min Exi Min Mat Fac Maximum Alert Level 1 | . . . . 1 . . . . Low Security (%) 97 | 100 100 100 100 53 . 100 100 100 Level 1 2 | . . . . 46 . . . . Level 2 . | . . . . . . . . . Level 3 . | . . . . . . . . . Level 4 . | . . . . . . . . . Level 5 . | . . . . . . . . . High Security . | . . . . . . . . . Max Security . | . . . . . . . . . Peak Influence 228 | 5 35 90 41 228 . . 168 105 Initial 40 | . . . 28 12 . . . 40 Average 26 | 1 4 28 7 167 . . 52 18 Influence Increases 1520 | 5 122 286 260 266 . . 476 105 Destroy 0b10 Robot/C 880 | . 60 200 140 180 . . 220 80 Destroy 0b10 Robot/NC 80 | 5 30 10 15 . . . 20 . Destroy Leader 232 | . 26 40 66 30 . . 60 10 Successful Hack 53 | . 6 6 23 . . . 18 . Disable Machine 45 | . . . . . . . 45 . Destroy Structure 95 | . . . 1 26 . . 53 15 Lose Combat Pursuer 135 | . . 30 15 30 . . 60 . Influence Decreases 1425 | 5 122 212 301 121 178 . 386 100 Entered New Map 295 | . . . 46 21 178 . . 50 Time Decay 1064 | 5 122 212 245 100 . . 330 50 Lost Part 66 | . . . 10 . . . 56 . Squads Dispatched 6 | . 1 . 1 1 . . 2 1 Investigation 2 | . . . . 1 . . . 1 Extermination . | . . . . . . . . . Reinforcement 4 | . 1 . 1 . . . 2 . Assault . | . . . . . . . . . Garrison . | . . . . . . . . . Intercept . | . . . . . . . . . Searches Triggered . | . . . . . . . . . Construction Impeded . | . . . . . . . . . Haulers Reinforced . | . . . . . . . . . Active Scanning Responses . | . . . . . . . . . Cargo Convoy Interrupts . | . . . . . . . . . Stealth | -11 -10 -10 -9 -9 -9 -8 -8 -7 --------- Run | Yrd Mat Min Mat Min Exi Min Mat Fac Distress Signals 5 | . . . 2 . . . 3 . Communications Jammed . | . . . . . . . . . Distress Signals . | . . . . . . . . . Times Spotted 75 | . 15 13 18 10 . . 15 4 Peak Tracking Total 7 | . 5 3 3 7 . . 5 3 Tactical Retreats 7 | . . 1 1 1 . . 4 . Traps | -11 -10 -10 -9 -9 -9 -8 -8 -7 ------- Run | Yrd Mat Min Mat Min Exi Min Mat Fac Traps Triggered 4 | . . . 2 . . . . 2 Indirectly . | . . . . . . . . . Trap Hack Attempts . | . . . . . . . . . Triggered . | . . . . . . . . . Disarmed . | . . . . . . . . . Reprogrammed . | . . . . . . . . . Reused . | . . . . . . . . . Traps Extracted . | . . . . . . . . . Installed . | . . . . . . . . . Triggered . | . . . . . . . . . Machines | -11 -10 -10 -9 -9 -9 -8 -8 -7 ---------- Run | Yrd Mat Min Mat Min Exi Min Mat Fac Machines Disabled 3 | . . . . . . . 3 . Max in Single Turn 1 | . . . . . . . 1 . Machines Repaired . | . . . . . . . . . Machines Dismantled . | . . . . . . . . . Machines Sabotaged . | . . . . . . . . . Overloaded Fab Kills . | . . . . . . . . . Hacking | -11 -10 -10 -9 -9 -9 -8 -8 -7 --------- Run | Yrd Mat Min Mat Min Exi Min Mat Fac Machines Accessed 24 | . 4 1 9 1 2 . 5 2 Terminals 14 | . 4 1 5 . . . 2 2 Fabricators . | . . . . . . . . . Repair Stations 3 | . . . 1 . . . 2 . Recycling Units 1 | . . . 1 . . . . . Scanalyzers 3 | . . . 2 . . . 1 . Garrison Access . | . . . . . . . . . Total Hacks 60 | . 7 2 23 1 7 . 13 7 Successful 37 | . 1 2 13 1 7 . 10 3 Failed 23 | . 6 . 10 . . . 3 4 Catastrophic 3 | . 1 . 1 . . . 1 . Database Lockouts . | . . . . . . . . . Manual 28 | . 6 1 12 . 1 . 3 5 Terminals 35 | . 7 2 13 . . . 6 7 Fabricators . | . . . . . . . . . Repair Stations 7 | . . . 2 . . . 5 . Recycling Units 1 | . . . 1 . . . . . Scanalyzers 9 | . . . 7 . . . 2 . Garrison Access . | . . . . . . . . . Terminal Hacks 19 | . 1 2 4 1 7 . 3 1 Record 7 | . . 1 . . 6 . . . Prototype ID Bank 1 | . . . . . . . 1 . Open Door 1 | . . . . 1 . . . . Branch Access Points 1 | . . . 1 . . . . . Alert Level 1 | . . . . . . . . 1 Locate Traps 2 | . . . 1 . . . 1 . Recall Reinforcements 1 | . . . 1 . . . . . Hauler Manifests 3 | . 1 . 1 . . . 1 . Zone Layout 1 | . . 1 . . . . . . Proto ID Catalog 1 | . . . . . 1 . . . Fabricator Hacks . | . . . . . . . . . Repair Station Hacks 5 | . . . 1 . . . 4 . Scan Component 3 | . . . 1 . . . 2 . Repair 2 | . . . . . . . 2 . Recycling Unit Hacks . | . . . . . . . . . Scanalyzer 7 | . . . 5 . . . 2 . Insert Component 1 | . . . 1 . . . . . Analyze 1 | . . . 1 . . . . . Retrieve Study 5 | . . . 3 . . . 2 . Garrison Access Hacks . | . . . . . . . . . Unauthorized Hacks 6 | . . . 3 . . . 1 2 Terminals 6 | . . . 3 . . . 1 2 Assimilate 1 | . . . . . . . 1 . Botnet 5 | . . . 3 . . . . 2 Fabricators . | . . . . . . . . . Repair Stations . | . . . . . . . . . Recycling Units . | . . . . . . . . . Scanalyzers . | . . . . . . . . . Garrison Access . | . . . . . . . . . Data Cores Recovered . | . . . . . . . . . Used . | . . . . . . . . . Hacking Detections 20 | . 4 1 9 . . . 4 2 Full Trace Events . | . . . . . . . . . Feedback Events . | . . . . . . . . . Feedback Blocked . | . . . . . . . . . Robot Schematics Acquired . | . . . . . . . . . Robots Built . | . . . . . . . . . Authchips . | . . . . . . . . . Time . | . . . . . . . . . Total Robot Build Rating . | . . . . . . . . . Part Schematics Acquired 1 | . . . 1 . . . . . Parts Built . | . . . . . . . . . Authchips . | . . . . . . . . . Time . | . . . . . . . . . Total Part Build Rating . | . . . . . . . . . Part Studies Acquired 5 | . . . 3 . . . 2 . Parts Repaired 2 | . . . . . . . 2 . Time 58 | . . . . . . . 58 . Parts Recycled . | . . . . . . . . . Recycled Matter . | . . . . . . . . . Retrieved Matter . | . . . . . . . . . Retrieved Components . | . . . . . . . . . Parts Scanalyzed 1 | . . . 1 . . . . . Part Schematics Acquired 1 | . . . 1 . . . . . Parts Damaged . | . . . . . . . . . Bothacking | -11 -10 -10 -9 -9 -9 -8 -8 -7 ------------ Run | Yrd Mat Min Mat Min Exi Min Mat Fac Used RIF Installer . | . . . . . . . . . Robots Hacked . | . . . . . . . . . Non-combat . | . . . . . . . . . Combat . | . . . . . . . . . Robot Hacks Applied . | . . . . . . . . . Relay Couplers Released . | . . . . . . . . . Fabnet Peak Effective % . | . . . . . . . . . Robots Rewired . | . . . . . . . . . Allies Hacked . | . . . . . . . . . Hacks Repelled . | . . . . . . . . . Allies | -11 -10 -10 -9 -9 -9 -8 -8 -7 -------- Run | Yrd Mat Min Mat Min Exi Min Mat Fac Total Allies . | . . . . . . . . . Largest Group . | . . . . . . . . . Highest-Rated Group . | . . . . . . . . . Highest-Rated Ally . | . . . . . . . . . Total Orders . | . . . . . . . . . Ally Attacks . | . . . . . . . . . Total Damage . | . . . . . . . . . Kills . | . . . . . . . . . Allies Corrupted . | . . . . . . . . . Allies Melted . | . . . . . . . . . Intel | -11 -10 -10 -9 -9 -9 -8 -8 -7 ------- Run | Yrd Mat Min Mat Min Exi Min Mat Fac Active Infowar (turns) 3424 | 25 756 650 1229 33 234 249 36 212 Optics 212 | . . . . . . . . 212 Terrain 100 | . 52 . . . . . . 48 Seismic 3160 | 25 704 650 1229 33 234 249 36 . Robot Analysis Total . | . . . . . . . . . Derelict Logs Recovered . | . . . . . . . . . Drone Launches . | . . . . . . . . . Drone Recoveries . | . . . . . . . . . Exploration | -11 -10 -10 -9 -9 -9 -8 -8 -7 ------------- Run | Yrd Mat Min Mat Min Exi Min Mat Fac Turns Passed 4795 | 70 756 697 1389 204 234 249 970 226 Spaces Moved 3646 | 51 466 386 960 124 244 260 728 427 Core 14 | 14 . . . . . . . . Treads 41 | . . . 41 . . . . . Legs . | . . . . . . . . . Wheels 3170 | 37 466 386 919 124 244 260 728 6 Hover 421 | . . . . . . . . 421 Flight . | . . . . . . . . . Fastest Speed 38 | 50 95 145 95 95 95 95 95 38 Average Speed 106 | 92 135 145 118 95 95 95 100 39 Slowest Speed 240 | 150 155 145 240 95 95 95 110 110 Overloaded Moves . | . . . . . . . . . Propulsion Burnouts . | . . . . . . . . . Robots Hopped . | . . . . . . . . . Potential Cave-ins . | . . . . . . . . . Cave-ins Triggered . | . . . . . . . . . Exploration Rate (%) 48 | 5 70 69 80 18 61 69 47 14 Regions Visited 8 Branch Regions 4 Pre-discovered Areas 1 | . . . . . 1 . . . Known Exits Taken 1 | . . . 1 . . . . . Unknown Exits Taken 7 | 1 1 1 . 1 1 1 1 . Scrap Searched 2 | . . 1 . . . 1 . . Spaces Dug 2 | . . . . . . . 2 . Terrain Destroyed 104 | . . . . 26 . . 65 13 Melee 2 | . . . . . . . 2 . Projectile 4 | . . . . . . . 4 . AOE 98 | . . . . 26 . . 59 13 Terrain Rammed . | . . . . . . . . . Walls Destroyed . | . . . . . . . . . Machines Disabled . | . . . . . . . . . Actions | -11 -10 -10 -9 -9 -9 -8 -8 -7 --------- Run | Yrd Mat Min Mat Min Exi Min Mat Fac Total 4337 | 66 536 495 1161 179 247 263 902 488 Wait 358 | . 23 82 93 33 1 2 107 17 Move 3638 | 50 465 385 959 123 243 259 727 427 Hop . | . . . . . . . . . Pick Up 64 | 6 10 6 21 2 1 1 11 6 Fast Attach 19 | 6 . . 7 . . . 3 3 Attach 19 | 1 . . 4 . . . 7 7 Detach 3 | . . . 2 . . . . 1 Swap 51 | 1 7 8 20 4 . . 7 4 Drop 58 | . 4 1 24 2 2 1 6 18 Fire 114 | 2 27 13 21 15 . . 32 4 Melee 12 | . . . 10 . . . 2 . Ram 1 | . . . . . . . . 1 Kick . | . . . . . . . . . Crush . | . . . . . . . . . Escape Stasis . | . . . . . . . . . Rewire . | . . . . . . . . . Trap . | . . . . . . . . . Miscellaneous . | . . . . . . . . . Route ------- -11/Scrapyard -10/Materials (discovered 3 exits: *Mat x2 / *Min) -10/Mines -9/Materials (discovered 4 exits: *Mat x2 / *Min / *Sto) -9/Mines -9/Exiles -8/Mines -8/Materials -7/Factory History --------- Turn | Location | Event 26 | -11/Scrapyard | Discovered new exit (range 16) 71 | -11/Scrapyard | Entered Materials 195 | -10/Materials | Discovered new exit (range 9) 198 | -10/Materials | Discovered new exit (range 16) 322 | -10/Materials | Build established: Mutant 644 | -10/Materials | Discovered new exit (range 13) 827 | -10/Materials | Entered Mines 985 | -10/Mines | Joined a pair of Derelicts in attacking an 0b10 outpost 1485 | -10/Mines | Discovered new exit (range 16) 1524 | -10/Mines | Entered Materials 1524 | -9/Materials | Evolved 2 slots: Propulsion x1, Utility x1 1686 | -9/Materials | Identified exit to Mines 1686 | -9/Materials | Identified exit to Storage 2238 | -9/Materials | Discovered new exit (range 4) 2748 | -9/Materials | Discovered new exit (range 8) 2913 | -9/Materials | Entered Mines 2919 | -9/Mines | Met a Derelict shopkeep closing up shop 3005 | -9/Mines | Destroyed 8 combat bots 3112 | -9/Mines | Deemed a non-threat by the Exiles lab entrance 3112 | -9/Mines | Discovered new exit (range 5) 3117 | -9/Mines | Entered Exiles 3140 | -9/Exiles | Met 8R-AWN 3155 | -9/Exiles | Met EX-HEX 3182 | -9/Exiles | Met EX-BIN 3204 | -9/Exiles | Aligned with FarCom system 3205 | -9/Exiles | Given EX-Vault access code 3245 | -9/Exiles | Opened EX-Vault 3252 | -9/Exiles | Found YOLO Cannon 3273 | -9/Exiles | Warned to stay clear of 0b10 Research branches 3299 | -9/Exiles | Met EX-DEC 3304 | -9/Exiles | Learned location of Zion (-6) 3339 | -9/Exiles | Discovered new exit (range 14) 3351 | -9/Exiles | Left Exiles lab with YOLO Cannon 3351 | -9/Exiles | Entered Mines 3547 | -8/Mines | Discovered new exit (range 15) 3600 | -8/Mines | Entered Materials 3600 | -8/Materials | Evolved 2 slots: Propulsion x1, Weapon x1 3691 | -8/Materials | Repaired Lgt. Armor Plating 3858 | -8/Materials | Repaired Arm. Wheel+ 4314 | -8/Materials | Discovered new exit (range 15) 4326 | -8/Materials | Build established: Skirmisher 4570 | -8/Materials | Entered Factory 4570 | -7/Factory | Evolved 2 slots: Power x1, Utility x1 4796 | -7/Factory | Self-destructed Last Messages --------------- 04720_ Acquired Prototype Ballistic Gun. 04720_ Identified Prc. Assault Rifle. 04730_ Acquired Launcher Guidance Computer. 04759_ Slammed into K-01 Serf. 04759_ Destabilizing: Core damaged (-14). 04762_ Dropped Hrd. Light Armor Plating. 04763_ Acquired Xenon Bombardment Thruster. 04771_ Dropped Lrg. Matter Pod. 04771_ Extracted 150 matter. 04772_ R-06 Scavenger collects Lrg. Matter Pod. 04772_ S-27 Virus destroyed. 04772_ Destroyed Lgt. Nuclear Core. 04774_ S-27 Virus destroyed. 04777_ The unstable cave ceiling collapses. 04778_ Destroyed VTOL Module. 04778_ S-27 Virus destroyed. 04783_ Triggered Proton Bomb Trap. 04783_ A bubble of electromagnetic force engulfs the area. 04784_ The unstable cave ceiling collapses. 04789_ Acquired Gravmag System. Map ----- +----------------------------------------------------+ | | | | | | | | | | | | | | | | | | | | | | | | | | | | | | | | | | | ??????????????????############???????????????????? | | ?????????????? ? * #???????????????????? | | ?????????????""" """" """" #???????????????????? | | ????????????"""" """" """" !#?????????#?????????? | | ????????????"""" """" """" #???????????????????? | | ????????????"""" """" """" ! #???????????????????? | | ??????????# """" """" """" #???????????????????? | | ??????????# """" """" """" /#???????????????????? | | ??????????# @ #???????????????????? | | ??##??????##########+############????????????????? | | ???????########### + #????????????????? | | ????? #????????????????? | | #??# """""" ##???#???????????? | | ?????????"""""" """" #????????????????? | | #### ????"""""" [ = """" #?#??????????????? | | # """""" / """" #????????????????? | | # # """" #????????????????? | | ############### #????????????????? | | ######### ! # # * #????????????????? | | + ! # ^ #########????????????????? | | ######### # ##????????????????????????? | | #??#????# """ # #?????????????????????????? | | #???????# """ # #?????????????????????????? | | #???????# """ # #?????????????????????????? | | #???????# # #??????????#??????????????? | | ##??????# """ # #?????????????????????????? | | ######### """ # #?????????????????????????? | | # """ / #?????????????????????????? | | # # #?????????????????????????? | | """ # ! ! # #?????????????????????????? | | #### """ ####### ##????????????????????????? | | ???# """ ###??? #????????????????????????? | | ???# ##### #????????????????????????? | +----------------------------------------------------+ Best States ------------- Heat Dissipation 48 Energy Generation 14 Energy Capacity 280 Matter Stores 300 Matter Capacity 450 Sight Range 20 Terrain Scan Range 16 Terrain Scan Density 10 Armor Coverage 150 Propulsion Shielding 33 Evasion (%) 57 Recoil Reduction 2 Item Schematics ----------------- Aerolev Unit | -9/Materials | Scanalyzed Robot Schematics ------------------ None Fabricated ------------ Nothing Repaired ---------- Lgt. Armor Plating | 17% | -8/Materials Arm. Wheel | 7% | -8/Materials Studied --------- Arm. Wheel | -9/Materials | Hacked Flight Unit | -9/Materials | Hacked Rocket Launcher | -9/Materials | Hacked Great Maul | -8/Materials | Hacked Hvy. Particle Cannon | -8/Materials | Hacked Alien Tech Used ----------------- None Achievements -------------- That Tickles Challenges ------------ None Game ------ Seed ExpertAlertDeconstructor Manual? 0 Play Time 01:15:54 Cumulative 149.4 hours Start 2026.09.12 @ 18:23:50 End 2026.09.16 @ 00:15:13 Sessions 5 Manual Loads 0 Difficulty Rogue Special Mode None Game No. 129 Rogue 126 Adventurer 0 Explorer 3 Win Type - Total 1 Types 1/0/0/0/0/0/0/0/0/0 Lore% 26 Gallery% 45 Achievement% 33 Wizard Run 0 Options --------- Layout 0 ASCII 0 Keyboard 0 Movement Numpad Keybinds 0 Fullscreen 2 Font 16/SmallcapsGlow Map View 88x55 Zoom Use 0% Tactical HUD 1 Map Filters NONE Filters NONE Steam 1 RUN: 326947bd-c282-4222-9c81-67ce21cc8528